[Event "Seniors-LEM-65 Sachsen-Anhalt 2024"]
[Site "Magdeburg"]
[Date "2024.07.05"]
[Round "5.24"]
[White "Manthey, Wolfgang"]
[Black "Kopp, Peter"]
[Result "0-1"]
[ECO "A46"]
[WhiteElo "1888"]
[BlackElo "2014"]
[Annotator "RC"]
[PlyCount "48"]
[EventDate "2024.06.25"]
[EventType "swiss"]
[EventCountry "GER"]
[SourceTitle "playchess.com"]
[Source "ChessBase"]
[SourceQuality "1"]
[TimeControl "40/5400+30:1800+30"]

1. d4 Nf6 2. Nf3 d6 3. h3 Nbd7 4. e3 e5 5. dxe5 dxe5 6. Bc4 Be7 7. O-O O-O 8. Qe2 c6 9. Rd1 Qc7 10. a3 e4 11. Nfd2 Qe5 12. Nc3 b5 13. Ba2 Re8 14. Nf1 Bd6 15. Ng3 Bc7 16. Rd4 c5 17. Rd1 c4 18. Nd5 Nxd5 19. Rd4 N7f6 20. Bd2 Bb6 21. Rxd5 Nxd5 22. c3 Be6 23. a4 a6 24. Bb1 Nf6 0-1

[Event "Seniors-LEM-65 Sachsen-Anhalt 2024"]
[Site "Magdeburg"]
[Date "2024.07.05"]
[Round "5.25"]
[White "Wolke, Reimund"]
[Black "Barten, Ralf"]
[Result "0-1"]
[ECO "B12"]
[WhiteElo "1871"]
[BlackElo "1970"]
[Annotator "NA RC"]
[PlyCount "100"]
[EventDate "2024.06.25"]
[EventType "swiss"]
[EventCountry "GER"]
[SourceTitle "playchess.com"]
[Source "ChessBase"]
[SourceQuality "1"]
[TimeControl "40/5400+30:1800+30"]

1. e4 c6 2. d4 d5 3. e5 c5 4. c3 Nc6 5. Nf3 Bg4 6. Be2 e6 7. O-O Nge7 {[%emt 0:02:07] 7...Nge7 is better than 7...Bxf3. B12: Caro-Kann: Advance Variation.} 8. Nbd2 Nf5 9. h3 Bxf3 10. Nxf3 cxd4 11. g4 Nh4 12. cxd4 Nxf3+ 13. Bxf3 Be7 $146 ({Predecessor:} 13... Bb4 14. a3 Ba5 15. b4 Bb6 16. Be3 O-O 17. Qd2 f6 18. Bg2 fxe5 19. dxe5 Nxe5 20. Bxb6 Qxb6 {0-1 Kolar,S (2081)-Svatos,J (2306) CZE-ch Ostrava 2014 (1)}) 14. Be3 Bg5 15. Qb3 Bxe3 16. Qxe3 Qb6 17. Rfd1 O-O 18. Rd2 Rfc8 19. Rc1 Rc7 ({Better is} 19... Nb4 $15 20. Rxc8+ Rxc8) 20. Kg2 Rac8 21. Rc3 Na5 22. Rxc7 Rxc7 23. b3 g6 24. h4 Rc8 25. h5 Qd8 26. g5 gxh5 27. Bxh5 Nc6 28. f4 (28. Qf4 $11 {remains equal.} Qf8 29. Rd3) 28... Ne7 29. Bg4 Qd7 30. Qf2 Rc3 31. Be2 Qc8 32. Bd3 {[%emt 0:01:24] [#]} a6 ({Better is} 32... Rc1 $1 $17 33. Rc2 Rxc2 34. Qxc2 Qxc2+ 35. Bxc2 Nc6) 33. Rc2 ({White should try} 33. Bc2 $15) 33... Rxc2 34. Bxc2 ({But not} 34. Qxc2 $6 Qxc2+ 35. Bxc2 Nc6 $11) 34... Qc3 $17 35. Bb1 Nc6 36. f5 Qxd4 37. Qe2 Qxe5 38. Qf2 Nd4 39. g6 Qe2 40. gxf7+ Kxf7 41. fxe6+ Kxe6 42. Qxe2+ Nxe2 43. Bxh7 Nc3 44. a4 a5 45. Kf3 d4 46. Be4 b6 47. Kf4 Kd6 48. Bf3 Kc5 49. Ke5 d3 50. Bh5 d2 0-1

[Event "Seniors-LEM-65 Sachsen-Anhalt 2024"]
[Site "Magdeburg"]
[Date "2024.07.05"]
[Round "5.26"]
[White "Mikolajewski, Armin"]
[Black "Gagelmann, Andreas"]
[Result "1-0"]
[ECO "A52"]
[WhiteElo "1961"]
[BlackElo "1883"]
[Annotator "NA RC"]
[PlyCount "107"]
[EventDate "2024.06.25"]
[EventType "swiss"]
[EventCountry "GER"]
[SourceTitle "playchess.com"]
[Source "ChessBase"]
[SourceQuality "1"]
[TimeControl "40/5400+30:1800+30"]

1. d4 Nf6 2. c4 e5 3. dxe5 Ng4 4. Nf3 Bc5 5. e3 Nc6 6. Be2 Ngxe5 7. O-O O-O 8. Bd2 {[%emt 0:01:36] A52: Budapest Gambit.} d6 9. Bc3 Nxf3+ 10. Bxf3 Ne5 11. b4 Nxf3+ 12. Qxf3 Bb6 13. Rd1 Qh4 14. Qg3 Qxg3 15. hxg3 Be6 16. Nd2 Rfd8 17. Bd4 c5 18. Bc3 d5 19. bxc5 Bxc5 20. Nb3 Be7 21. cxd5 Bxd5 22. Bd4 Bxb3 23. axb3 b5 24. Ra6 Bf6 25. Kf1 Bxd4 26. exd4 Kf8 27. Ke2 Ke7 28. Kd3 Rd6 29. Re1+ Kd7 30. Rea1 Rxa6 $11 31. Rxa6 Kc7 32. d5 Kb7 33. Rc6 Rc8 34. Rxc8 Kxc8 35. Kd4 a5 36. Kc5 a4 37. bxa4 bxa4 38. Kb4 Kd7 39. Kxa4 Kd6 40. Kb4 Kxd5 41. Kc3 Ke4 42. Kd2 g5 43. f3+ Kf5 44. Ke3 h5 45. Kf2 Ke5 46. Ke3 Kd5 47. Kd3 f5 48. Ke3 Ke5 49. f4+ Kf6 50. Kd4 gxf4 51. gxf4 Ke6 52. Kc5 h4 53. Kc6 Ke7 54. Kd5 1-0

[Event "Seniors-LEM-65 Sachsen-Anhalt 2024"]
[Site "Magdeburg"]
[Date "2024.07.05"]
[Round "5.27"]
[White "Onasch, Gunnar"]
[Black "Boldt, Heinrich"]
[Result "1-0"]
[ECO "D15"]
[WhiteElo "1949"]
[BlackElo "1866"]
[Annotator "NA RC"]
[PlyCount "47"]
[EventDate "2024.06.25"]
[EventType "swiss"]
[EventCountry "GER"]
[SourceTitle "playchess.com"]
[Source "ChessBase"]
[SourceQuality "1"]
[TimeControl "40/5400+30:1800+30"]

1. d4 d5 2. c4 c6 3. Nf3 Nf6 4. Nc3 a6 5. e3 Nbd7 6. b3 g6 7. Bb2 Bg7 8. Bd3 O-O 9. O-O dxc4 10. bxc4 Re8 11. e4 e5 12. d5 Nc5 13. Bc2 Qa5 14. Rb1 Nh5 15. Nd2 Nf4 16. Nb3 Nxb3 17. Bxb3 Qd8 $14 18. Qf3 h5 19. Kh1 Bg4 20. Qe3 Bh6 21. f3 Bd7 22. g3 Bh3 23. gxf4 Bxf4 24. Qf2 1-0

[Event "Seniors-LEM-65 Sachsen-Anhalt 2024"]
[Site "Magdeburg"]
[Date "2024.07.05"]
[Round "5.28"]
[White "Schwarz, Hans"]
[Black "Heise, Juergen"]
[Result "1/2-1/2"]
[ECO "B23"]
[WhiteElo "1856"]
[BlackElo "1930"]
[Annotator "RC"]
[PlyCount "44"]
[EventDate "2024.06.25"]
[EventType "swiss"]
[EventCountry "GER"]
[SourceTitle "playchess.com"]
[Source "ChessBase"]
[SourceQuality "1"]
[TimeControl "40/5400+30:1800+30"]

1. e4 c5 2. Nc3 g6 3. f4 Bg7 4. Nf3 Nc6 5. Bb5 Nd4 6. Nxd4 cxd4 7. Ne2 Qb6 8. Bc4 e6 9. d3 Ne7 10. Bb3 d6 11. O-O Bd7 12. Bd2 O-O 13. Qe1 Bc6 14. Ba5 Qb5 15. Bb4 Rfd8 16. a4 Qh5 17. Qf2 a5 18. Ng3 Qh4 19. Bd2 d5 20. e5 Nf5 21. Nxf5 Qxf2+ 22. Rxf2 gxf5 1/2-1/2

[Event "Seniors-LEM-65 Sachsen-Anhalt 2024"]
[Site "Magdeburg"]
[Date "2024.07.05"]
[Round "5.29"]
[White "Niebuhr, Gerd"]
[Black "Boettcher, Frank"]
[Result "1/2-1/2"]
[ECO "D37"]
[WhiteElo "1917"]
[BlackElo "1848"]
[Annotator "RC"]
[PlyCount "26"]
[EventDate "2024.06.25"]
[EventType "swiss"]
[EventCountry "GER"]
[SourceTitle "playchess.com"]
[Source "ChessBase"]
[SourceQuality "1"]
[TimeControl "40/5400+30:1800+30"]

1. d4 Nf6 2. Nf3 d5 3. c4 e6 4. Nc3 Be7 5. Bf4 O-O 6. e3 b6 7. cxd5 exd5 8. Rc1 c5 9. Bd3 Bg4 10. Nb5 Nc6 11. h3 Bh5 12. Be2 Rc8 13. O-O a6 1/2-1/2

[Event "Seniors-LEM-65 Sachsen-Anhalt 2024"]
[Site "Magdeburg"]
[Date "2024.07.05"]
[Round "5.30"]
[White "Rausch, Erik"]
[Black "Costello, Colin A"]
[Result "0-1"]
[ECO "D34"]
[WhiteElo "1827"]
[BlackElo "1911"]
[Annotator "RC"]
[PlyCount "54"]
[EventDate "2024.06.25"]
[EventType "swiss"]
[EventCountry "GER"]
[SourceTitle "playchess.com"]
[Source "ChessBase"]
[SourceQuality "1"]
[TimeControl "40/5400+30:1800+30"]

1. d4 Nf6 2. Nf3 d5 3. g3 e6 4. Bg2 c5 5. O-O Nc6 6. c4 cxd4 7. Nxd4 Be7 8. cxd5 exd5 9. Nc3 O-O 10. Bf4 a6 11. Rc1 Bg4 12. h3 Be6 13. Nxc6 bxc6 14. e3 Rc8 15. Qe2 Qa5 16. Rfd1 Rfd8 17. Rd4 Bb4 18. a3 Bxc3 19. Rxc3 c5 20. Rd1 Qb5 21. Bf1 Ne4 22. Qc2 Qa5 23. Rcd3 g5 24. Be5 c4 25. Rd4 Bf5 26. g4 Bg6 27. Qb3 cxb3 0-1